 Dungeon Crawl Stone Soup version 0.20-a0-2-g2b0e13a (webtiles) character file.

58 varam the Chopper (level 3, 0/29 HPs)
             Began as a Demonspawn Berserker on Oct 29, 2016.
             Was a Believer of Trog.
             Slain by a goblin
             ... wielding a +0 dagger
             ... led by Robin
              (2 damage)
             ... on level 2 of the Dungeon.
             The game lasted 00:02:17 (1150 turns).

varam the Chopper (Demonspawn Berserker)            Turns: 1150, Time: 00:02:18

Health: 0/29       AC:  6    Str: 17    XL:     3   Next: 75%
Magic:  3/3        EV: 11    Int:  8    God:    Trog [**....]
Gold:   68         SH:  0    Dex: 13    Spells: 0 memorised, 2 levels left

rFire  . . .     SeeInvis .     a - +0 hand axe
rCold  . . .     Gourm    .     l - +0 ring mail
rNeg   . . .     Faith    .     (no shield)
rPois  .         Spirit   .     (no helmet)
rElec  .         Reflect  .     f - +0 cloak
rCorr  .         Harm     .     (no gloves)
MR     .....                    (no boots)
Stlth  +.........               (no amulet)
                                (no ring)
                                (no ring)

@: exhausted, slowed, very slow
A: demonic guardian 1
a: Berserk, Trog's Hand, Burn Spellbooks, Renounce Religion


You were on level 2 of the Dungeon.
You worshipped Trog.
Trog was pleased with you.
You were hungry.

You visited 1 branch of the dungeon, and saw 2 of its levels.

You collected 68 gold pieces.

Inventory:

Hand Weapons
 a - a +0 hand axe (weapon)
Armour
 f - a +0 cloak (worn)
 l - a +0 ring mail (worn)
Jewellery
 n - an uncursed ring of stealth {unknown}
Scrolls
 d - a scroll of noise {unknown}
 i - 3 scrolls of identify {unknown}
 j - a scroll of teleportation {unknown}
 m - a scroll of recharging {unknown}
 o - a scroll of enchant weapon {unknown}
 p - a scroll of random uselessness {unknown}
Potions
 b - a potion of heal wounds {unknown}
 e - 2 potions of might {unknown}
 g - a potion of degeneration {unknown}
Comestibles
 c - 2 bread rations
 h - 4 chunks of flesh
 k - a meat ration


   Skills:
 + Level 3.4 Fighting
 + Level 4.0 Axes
 - Level 1.7 Armour
 - Level 1.7 Dodging


You had 2 spell levels left.
You didn't know any spells.

Dungeon Overview and Level Annotations

Branches:
Dungeon (2/15)

Altars:
Makhleb


Innate Abilities, Weirdness & Mutations

A weak demonic guardian rushes to your aid.


Message History

The goblin hits you but does no damage. The bat closely misses you.
Unknown command.
Your ring mail prevents you from hitting the goblin.
The goblin is heavily wounded.
Your ring mail prevents you from hitting the bat.
The bat hits you.
* * * LOW HITPOINT WARNING * * *
The goblin hits you but does no damage. The goblin barely misses you.
Unknown command.
You closely miss the goblin. The bat hits you but does no damage.
The bat barely misses you. The goblin closely misses you.
The goblin hits you but does no damage.
Unknown command.
You barely miss the goblin. You hit the bat. The bat closely misses you.
The bat barely misses you. x2; The goblin closely misses you.
Unknown command.
You closely miss the goblin. You hit the bat but do no damage.
The bat hits you but does no damage. The goblin completely misses you.
The goblin hits you with an uncursed dagger.
You die...

### #.. #.# #
### # #.####.#
# #....(####.#
#
#.####@#....##
# #bg...... ##
#)#.##### #
#)#.# # #)#.#
# #†#.# #
####)#.# #
........#.# #
##.###..#.#


You could see a goblin and a bat.

Vanquished Creatures
  Robin (D:2)
  2 worms (D:2)
  3 dart slugs (D:1)
  2 giant cockroaches
  10 goblins
  3 hobgoblins
  2 frilled lizards
  8 kobolds
  4 rats
35 creatures vanquished.

Notes
Turn   | Place    | Note
-------+----------+-------------------------------------------
     0 | D:1      | varam the Demonspawn Berserker began the quest for the Orb.
     0 | D:1      | Reached XP level 1. HP: 18/18 MP: 1/1
   102 | D:1      | Reached skill level 3 in Axes
   134 | D:1      | Gained mutation: A weak demonic guardian rushes to your aid. [demonic ancestry]
   134 | D:1      | Reached XP level 2. HP: 17/24 MP: 2/2
   833 | D:2      | Reached XP level 3. HP: 29/29 MP: 3/3
   867 | D:2      | Found a burning altar of Makhleb.
   867 | D:2      | Noticed a balrug
  1107 | D:2      | Reached ** piety under Trog
  1122 | D:2      | Noticed Robin
  1135 | D:2      | Killed Robin
  1142 | D:2      | Reached skill level 4 in Axes
  1147 | D:2      | HP: 2/29 [bat (1)]
  1150 | D:2      | Slain by a goblin

Vault maps used:
D:1:      lemuel_arrival_lava_pool
D:2:      kennysheep_minor_cross, makhleb_altar_promises_db,
          uniq_crazy_yiuf_cottage, uniq_robin

Skill      XL: |  1  2  3 |
---------------+----------+-----
Axes           | 3 4 |  4.0
Fighting       | |  3.4
Armour         | |  1.7
Dodging        | |  1.7

Action                   || total
-------------------------++-------
Melee: Hand axe          ||   109
Invok: Berserk           ||     1
  Eat: Chunk             ||     1
Armor: Ring mail         ||    31
       Animal skin       ||     1
Dodge: Dodged            ||    74
